 Dungeon Crawl Stone Soup version 0.17-a0-910-ga669010 (webtiles) character file.

50 hornqvist the Covered (level 4, -4/35 HPs)
             Began as a Formicid Fighter on May 2, 2015.
             Killed from afar by Robin (7 damage)
             ... with a wand of magic darts
             ... on level 2 of the Dungeon.
             The game lasted 00:00:55 (1051 turns).

hornqvist the Covered (Formicid Fighter)            Turns: 1051, Time: 00:00:56

Health: -4/35      AC: 11    Str: 22    XL:     4   Next: 4%
Magic:  4/4        EV:  4    Int:  7    God:
Gold:   60         SH:  9    Dex: 10    Spells: 0 memorised, 3 levels left

rFire  . . .     SeeInvis +     a - +0 war axe
rCold  . . .     Clarity  .     h - +0 plate armour
rNeg   . . .     SustAb   .     c - +0 shield
rPois  .         Gourm    .     (helmet unavailable)
rElec  .         Spirit   .     (no cloak)
rCorr  .         Warding  .     (no gloves)
rMut   .         Stasis   +     (no boots)
MR     .....                    (no amulet)
Stlth  ..........               (no ring)
                                (no ring)

@: not resistant to hostile enchantments, extremely unstealthy
A: permanent stasis, dig shafts and tunnels, four strong arms, antennae 3
a: Dig, Shaft Self


You were on level 2 of the Dungeon.
You were hungry.

You visited 1 branch of the dungeon, and saw 2 of its levels.

You collected 60 gold pieces.

Inventory:

Hand weapons
 a - a +0 war axe (weapon)
Armour
 c - a +0 shield (worn)
 h - a +0 plate armour (worn)
Scrolls
 j - 3 scrolls of remove curse {unknown}
 k - 2 scrolls of identify {unknown}
 l - 4 scrolls of recharging {unknown}
 m - a scroll of amnesia {unknown}
 n - a scroll of teleportation {unknown}
Potions
 d - a potion of might
 f - 4 potions of curing {unknown}
 g - 3 potions of heal wounds {unknown}
 i - a potion of lignification {unknown}
 q - a potion of poison {unknown}
Comestibles
 e - 2 bread rations
 o - 2 beef jerkies
 p - 2 chunks of flesh


   Skills:
 - Level 3.2 Fighting
 * Level 3.2 Axes
 + Level 3.8 Armour
 + Level 0.8 Dodging
 + Level 3.7 Shields


You had 3 spell levels left.
You didn't know any spells.

Dungeon Overview and Level Annotations

Branches:
Dungeon (2/15)

Altars:

Annotations:
D:2 Robin


Innate Abilities, Weirdness & Mutations

You are under a permanent stasis effect.
You can dig through walls and to a lower floor.
Your four strong arms can wield two-handed weapons with a shield.
You have a pair of large antennae on your head (SInv).


Message History

You take 13 damage, and have 2/35 hp.
MASSIVE DAMAGE!!
Unknown command.
You are too injured to fight recklessly!
You are too injured to fight recklessly!
You are too injured to fight recklessly!
You are too injured to fight recklessly!
You are too injured to fight recklessly!
You closely miss Robin. Robin hits you but does no damage.
You barely miss Robin.
Robin says, "Kneel, worm!"
You block Robin's attack.
Your shield and plate armour prevent you from hitting Robin.
Robin zaps a wand.
The magic dart hits you!
Robin zaps a wand.
The magic dart hits you!
You hit Robin but do no damage.
Robin says, "My army is invincible!"
Robin barely misses you.
You hit Robin.
Robin zaps a wand.
The magic dart hits you!
Robin zaps a wand.
The magic dart hits you!
You die...

..## .. .#
#############.##
.# .......[...#
..# .#
.....#####.#
#.##.######
.....#
#.###..........
.....#
#....#..........
.....##
#....#..........
......#
#....#).).......
......#
#.#####@)######.
......# #.# #g†#
......####..
.....
............
...>....
.....#######
##.........
.....# #........
###### #.......
##### #......
....# ###


You could see Robin.

Vanquished Creatures
  An adder (D:2)
  An ooze (D:1)
  A worm (D:2)
  A ball python (D:1)
  A giant cockroach (D:1)
  6 hobgoblins
  7 kobolds (D:1)
  3 bats
  12 goblins
  A rat (D:2)
34 creatures vanquished.

Notes
Turn   | Place    | Note
--------------------------------------------------------------
     0 | D:1      | hornqvist, the Formicid Fighter, began the quest for the Orb.
     0 | D:1      | Reached XP level 1. HP: 18/18 MP: 1/1
   245 | D:1      | Reached XP level 2. HP: 24/24 MP: 2/2
   738 | D:2      | Reached XP level 3. HP: 29/29 MP: 3/3
  1031 | D:2      | Noticed Robin
  1041 | D:2      | Reached XP level 4. HP: 22/35 MP: 4/4
  1051 | D:2      | Killed from afar by Robin

Action                   |  1- 3 |  4- 6 || total
-------------------------+-------+-------++-------
Melee: War axe           |    68 |    10 ||    78
